[Event "Titled Tuesday Blitz July 13 2021"]
[White "Piesik, Piotr"]
[Black "Buscar, Michael"]
[WhiteFideId "1136194"]
[BlackFideId "2603616"]
[WhiteElo "2354"]
[BlackElo "2010"]
[Result "1-0"]
[Round "05"]
[TimeControl "180+1"]
[Date "2021.07.13"]
[WhiteClock "0:01:27"]
[BlackClock "0:00:03"]

1. Nf3 Nf6 2. g3 g6 3. Bg2 Bg7 4. O-O O-O 5. d4 d6 6. Nbd2 Nbd7 7. e4 e5 8. dxe5 dxe5 9. Qe2 Qe7 10. b3 Rd8 11. Bb2 Ne8 12. Nc4 b6 13. a4 Ba6 14. Rfd1 Nd6 15. Nfd2 Nxc4 16. Nxc4 Nc5 17. Bf1 Rxd1 18. Rxd1 Rd8 19. Rxd8+ Qxd8 20. Qd2 Qxd2 21. Nxd2 Bxf1 22. Kxf1 f6 23. f3 Kf7 24. Ke2 Ke6 25. Ba3 Bf8 26. Bxc5 Bxc5 27. c3 c6 28. b4 Be7 29. b5 Kd6 30. Nb3 Kc7 31. Kd3 h5 32. Kc4 Ba3 33. a5 Be7 34. a6 Ba3 35. g4 h4 36. h3 g5 37. Na1 Bc5 38. Nc2 Kd6 39. Ne1 Bg1 40. Nd3 c5 41. Nb2 Bf2 42. Kd3 Bg1 43. Nd1 Ke6 44. Nb2 Kd6 45. Nc4+ Kc7 46. Ke2 Kd7 47. Nxb6+ Kc7 48. Nd5+ Kd6 49. Nxf6 1-0


[Site "https://www.chess.com"]

[Event "Titled Tuesday Blitz July 13 2021"]
[White "Pourkashiyan, Atousa"]
[Black "Kavyev, Ruslan"]
[WhiteFideId "12502014"]
[BlackFideId "34110981"]
[WhiteElo "2285"]
[BlackElo "2172"]
[Result "1-0"]
[Round "05"]
[TimeControl "180+1"]
[Date "2021.07.13"]
[WhiteClock "0:00:56"]
[BlackClock "0:00:45"]

1. e4 d5 2. exd5 Nf6 3. Bb5+ Bd7 4. Be2 Bf5 5. c4 c6 6. dxc6 Nxc6 7. Nf3 e5 8. d3 Bb4+ 9. Nc3 e4 10. Nh4 Be6 11. O-O Bxc3 12. bxc3 exd3 13. Bxd3 O-O 14. Re1 h6 15. Nf5 Na5 16. c5 Rc8 17. Ba3 Re8 18. Nd6 Bg4 19. Rxe8+ Nxe8 20. Qxg4 Nxd6 21. cxd6 Rxc3 22. Qe4 g6 23. Bb2 Rc6 24. Qe5 f6 25. Qe4 f5 26. Qe6+ Kf8 27. Qxg6 Qxd6 28. Qxd6+ Rxd6 29. Ba3 1-0


[Site "https://www.chess.com"]

[Event "Titled Tuesday Blitz July 13 2021"]
[White "Prraneeth Vuppala"]
[Black "Sjugirov, Sanan"]
[WhiteFideId "46622373"]
[BlackFideId "4189302"]
[WhiteElo "1759"]
[BlackElo "2472"]
[Result "0-1"]
[Round "05"]
[TimeControl "180+1"]
[Date "2021.07.13"]
[WhiteClock "0:00:01"]
[BlackClock "0:00:04"]

1. d4 Nf6 2. c4 e6 3. Nf3 d5 4. Nc3 Nbd7 5. Bf4 Bb4 6. e3 Ne4 7. Qb3 Bxc3+ 8. bxc3 c6 9. Bd3 g5 10. Bxe4 gxf4 11. Bd3 fxe3 12. fxe3 b6 13. O-O Ba6 14. Rad1 Qe7 15. e4 dxe4 16. Bxe4 Bb7 17. a4 f5 18. Bxf5 O-O-O 19. Rde1 Nc5 20. Qc2 Kb8 21. Bh3 Na6 22. Rxe6 Qa3 23. Ne5 Nc7 24. Nxc6+ Bxc6 25. Rxc6 Rhf8 26. Rcf6 Rxf6 27. Rxf6 Re8 28. Rf1 Re3 29. Qf2 Qxc3 30. c5 Qxd4 31. cxb6 axb6 32. Kh1 Re4 33. Qf8+ Re8 34. Qh6 Re7 35. g3 Ka7 36. Bg2 Qc3 37. a5 bxa5 38. Qf4 Qb4 39. Qf2+ Qb6 40. Qf8 Qb4 41. Qf3 Re1 42. h3 Rxf1+ 43. Qxf1 Qb6 44. Qf3 a4 45. Kh2 Qb5 46. Qa3 Qa5 47. Qe3+ Qb6 48. Qc3 Na6 49. Qh8 Qc7 50. Qa8+ Kb6 51. Qe4 Nc5 52. Qb4+ Ka6 53. Bf1+ Ka7 54. h4 Qb6 55. Qd4 Qc7 56. Bg2 Qb6 57. Qg7+ Ka6 58. Bf1+ Ka5 59. Qe5 a3 60. Qe1+ Qb4 61. Qe7 Qb2+ 62. Bg2 Kb4 0-1


[Site "https://www.chess.com"]

[Event "Titled Tuesday Blitz July 13 2021"]
[White "Quizon, Daniel"]
[Black "Madaminov, Mukhiddin"]
[WhiteFideId "5217911"]
[BlackFideId "14210703"]
[WhiteElo "2329"]
[BlackElo "1747"]
[Result "0-1"]
[Round "05"]
[TimeControl "180+1"]
[Date "2021.07.13"]
[WhiteClock "0:00:20"]
[BlackClock "0:00:16"]

1. e4 e5 2. Nf3 Nc6 3. Bb5 Nf6 4. d3 Bc5 5. c3 O-O 6. O-O d6 7. h3 Bb6 8. Ba4 Ne7 9. Nbd2 c6 10. Re1 Ng6 11. Nf1 Nh5 12. d4 Nhf4 13. Bb3 h6 14. Be3 Qf6 15. Ng3 Be6 16. Bc2 Rad8 17. a4 Bc7 18. a5 Rfe8 19. a6 b5 20. Nf5 Bb6 21. Qc1 Bc4 22. Qd2 Be6 23. Rad1 Bc8 24. Qc1 Bxa6 25. dxe5 dxe5 26. Bxb6 axb6 27. Qe3 c5 28. b4 c4 29. Ra1 Bc8 30. Ra7 Bxf5 31. exf5 Nd5 32. Qc1 Ngf4 33. Be4 Nd3 34. Bxd3 cxd3 35. Nd2 Qxf5 36. c4 Nf4 37. Qd1 Qg5 38. Qf3 Nxh3+ 39. Kf1 Nf4 40. g3 Ne6 41. Qxf7+ Kh8 42. Nf3 Qf6 43. Nxe5 d2 44. Rd1 Qxe5 45. Rxd2 Rxd2 46. Qxe8+ Kh7 47. Qf7 Qe2+ 48. Kg2 Qe4+ 49. Kh2 Rd1 50. f3 Qe2+ 51. Kh3 Ng5+ 0-1


[Site "https://www.chess.com"]

[Event "Titled Tuesday Blitz July 13 2021"]
[White "Reprintsev, Alexander"]
[Black "Steinberg, Nitzan"]
[WhiteFideId "14100541"]
[BlackFideId "2801795"]
[WhiteElo "2126"]
[BlackElo "2440"]
[Result "0-1"]
[Round "05"]
[TimeControl "180+1"]
[Date "2021.07.13"]
[WhiteClock "0:00:16"]
[BlackClock "0:00:06"]

1. e4 c5 2. b3 Nf6 3. e5 Nd5 4. Nc3 Nxc3 5. dxc3 Nc6 6. Nf3 g6 7. Bc4 Bg7 8. O-O O-O 9. Bf4 a6 10. a4 Rb8 11. Qd3 Ra8 12. Rad1 b6 13. h4 Qe8 14. h5 e6 15. Bg3 Ne7 16. Qe4 Ra7 17. Rd6 Bb7 18. Qd3 Bc6 19. Qe2 Nf5 20. Rd2 Qa8 21. Bf4 h6 22. Ne1 g5 23. Bh2 f6 24. exf6 Bxf6 25. Be5 Kg7 26. Bxf6+ Rxf6 27. Bd3 d5 28. Bxf5 exf5 29. Qe5 Qf8 30. Re2 Qf7 31. f4 g4 32. Nd3 Qxh5 33. Rfe1 g3 34. Re3 Qh2+ 35. Kf1 Qh1+ 36. Ke2 Qxg2+ 37. Kd1 h5 38. R1e2 Qg1+ 39. Ne1 d4 40. cxd4 cxd4 41. Rd3 Be4 42. Kd2 Bxd3 43. Nxd3 Rf7 44. Qd5 h4 45. Qf3 h3 46. Qh5 h2 47. Ne5 Re6 48. Qg5+ Kf8 49. Ng6+ Rxg6 50. Qxg6 Qe3+ 51. Rxe3 dxe3+ 52. Kxe3 h1=Q 53. Qd6+ Kg7 54. Qe5+ Rf6 55. Qe7+ Rf7 56. Qg5+ Kh8 57. Qxg3 Qe4+ 58. Kd2 Qd4+ 59. Kc1 Qa1+ 60. Kd2 Rd7+ 61. Ke3 Qc3+ 62. Kf2 Rd2+ 63. Ke1 Qxg3+ 0-1


[Site "https://www.chess.com"]

[Event "Titled Tuesday Blitz July 13 2021"]
[White "Rustemov, Alexander"]
[Black "Terry, Renato"]
[WhiteFideId "4119002"]
[BlackFideId "3803457"]
[WhiteElo "2770"]
[BlackElo "2581"]
[Result "1-0"]
[Round "05"]
[TimeControl "180+1"]
[Date "2021.07.13"]
[WhiteClock "0:01:00"]
[BlackClock "0:00:01"]

1. d4 d5 2. c4 c6 3. Nc3 Nf6 4. e3 a6 5. Qc2 g6 6. Nf3 Bg7 7. Bd3 O-O 8. O-O b5 9. b3 Nbd7 10. Bb2 Bb7 11. Rfd1 Qb8 12. h3 Rc8 13. c5 a5 14. a3 Ne8 15. b4 f5 16. Ne2 Nc7 17. Bc3 axb4 18. axb4 Rxa1 19. Rxa1 Nf6 20. Ne5 Rd8 21. Qa2 Nd7 22. f4 Nxe5 23. dxe5 Ne6 24. Nd4 Nxd4 25. Bxd4 Qa8 26. Qa7 Qxa7 27. Rxa7 Rb8 28. g4 e6 29. Kf2 Bf8 30. Kg3 Bg7 31. h4 Bf8 32. h5 Bh6 33. Kf3 Bf8 34. Bc3 Bg7 35. Be1 Kf8 36. Bh4 Kg8 37. Bf6 Bxf6 38. exf6 1-0


[Site "https://www.chess.com"]

[Event "Titled Tuesday Blitz July 13 2021"]
[White "Seul, Georg"]
[Black "Pruijssers, Roeland"]
[WhiteFideId "4601653"]
[BlackFideId "1013068"]
[WhiteElo "2332"]
[BlackElo "2545"]
[Result "0-1"]
[Round "05"]
[TimeControl "180+1"]
[Date "2021.07.13"]
[WhiteClock "0:00:01"]
[BlackClock "0:00:15"]

1. e4 Nf6 2. Nc3 e5 3. f4 d5 4. fxe5 Nxe4 5. Qf3 Nc6 6. Bb5 Nxc3 7. dxc3 Be7 8. Bf4 a6 9. Bxc6+ bxc6 10. Ne2 O-O 11. O-O c5 12. Rad1 Be6 13. Qg3 Kh8 14. Bc1 Qd7 15. Bg5 Bxg5 16. Qxg5 Qa4 17. Nf4 Qxc2 18. Nxe6 fxe6 19. Qe7 Rfe8 20. Qxc7 Rab8 21. b3 Rbc8 22. Qd7 Qxc3 23. Rf7 Qxe5 24. Rdf1 h6 25. h3 c4 26. bxc4 dxc4 27. R1f4 c3 28. Rg4 c2 0-1


[Site "https://www.chess.com"]

[Event "Titled Tuesday Blitz July 13 2021"]
[White "Shahade, Gregory"]
[Black "Pastar, Slaven"]
[WhiteFideId "2009064"]
[BlackFideId "14402718"]
[WhiteElo "2717"]
[BlackElo "2150"]
[Result "1-0"]
[Round "05"]
[TimeControl "180+1"]
[Date "2021.07.13"]
[WhiteClock "0:00:14"]
[BlackClock "0:00:01"]

1. e4 b6 2. d4 Bb7 3. Bd3 Nf6 4. Qe2 e6 5. Nd2 d5 6. e5 Nfd7 7. Ngf3 c5 8. c3 a5 9. O-O Ba6 10. Re1 Bxd3 11. Qxd3 Be7 12. Nf1 Qc8 13. c4 dxc4 14. Qxc4 Qa6 15. Qxa6 Nxa6 16. Bf4 Nb4 17. Red1 Nd5 18. Bg3 c4 19. a4 O-O 20. Rac1 Rfc8 21. Ne3 Nxe3 22. fxe3 b5 23. axb5 Bb4 24. Rc2 Nb6 25. Rdc1 a4 26. Be1 Bxe1 27. Nxe1 Ra5 28. Nd3 Rxb5 29. Nc5 Nd5 30. Kf2 Rcb8 31. Nxa4 Nb6 32. Nxb6 R5xb6 33. Rxc4 Rxb2+ 34. R1c2 g5 35. g4 Kg7 36. Kf3 Kg6 37. h3 Rb1 38. Rf2 R8b3 39. Ke4 Re1 40. Rf6+ Kg7 41. Rf3 Rb7 42. Rc2 h6 43. Rcf2 Rd1 44. Rg3 Re1 45. Rh2 Rf1 46. h4 Rbb1 47. hxg5 hxg5 48. Rh5 Kg6 49. Rgh3 f5+ 50. exf6 Kxf6 51. Rh7 Rh1 52. Rxh1 Rxh1 53. Rxh1 1-0


[Site "https://www.chess.com"]

[Event "Titled Tuesday Blitz July 13 2021"]
[White "Shevchenko, Kirill"]
[Black "Csonka, Balazs"]
[WhiteFideId "14129574"]
[BlackFideId "742910"]
[WhiteElo "2569"]
[BlackElo "2404"]
[Result "1-0"]
[Round "05"]
[TimeControl "180+1"]
[Date "2021.07.13"]
[WhiteClock "0:00:47"]
[BlackClock "0:00:38"]

1. e4 c6 2. d3 d5 3. Nd2 e5 4. Ngf3 Bd6 5. g3 Nf6 6. Bg2 O-O 7. O-O Re8 8. Re1 h6 9. c3 Nbd7 10. Qc2 b6 11. a4 a5 12. Nh4 Bf8 13. Nb3 dxe4 14. dxe4 g6 15. h3 Bb7 16. Be3 Qc7 17. Rad1 Rad8 18. Qe2 Kh7 19. Qc4 Kg8 20. Nxg6 b5 21. axb5 Nb6 22. Bxb6 Qxb6 23. Nxf8 Rxf8 24. Qc5 Qxc5 25. Nxc5 Ba8 26. b6 Rb8 27. Rd6 Kg7 28. Ra1 Ne8 29. Rd7 Rxb6 30. Ne6+ 1-0


[Site "https://www.chess.com"]

[Event "Titled Tuesday Blitz July 13 2021"]
[White "Shevelev, Dmitri"]
[Black "Khanin, Semen"]
[WhiteFideId "2802627"]
[BlackFideId "4111990"]
[WhiteElo "2262"]
[BlackElo "2521"]
[Result "0-1"]
[Round "05"]
[TimeControl "180+1"]
[Date "2021.07.13"]
[WhiteClock "0:00:03"]
[BlackClock "0:01:26"]

1. d4 Nf6 2. Nf3 g6 3. Nc3 Bg7 4. e4 d6 5. Be3 a6 6. Qd2 b5 7. Bd3 Bb7 8. a3 Nbd7 9. Bh6 O-O 10. h4 Bxh6 11. Qxh6 Ng4 12. Qg5 h5 13. Nh2 Nxh2 14. Rxh2 e5 15. Qe3 Qf6 16. dxe5 Nxe5 17. f3 c5 18. O-O-O b4 19. axb4 cxb4 20. Ne2 a5 21. Qg5 Qg7 22. Ng3 a4 23. Nxh5 gxh5 24. Qxh5 a3 25. bxa3 bxa3 26. Kd2 a2 27. Rhh1 Nxd3 28. cxd3 a1=Q 29. Rxa1 Rxa1 30. Rh3 Qb2+ 31. Ke3 Re1+ 32. Kf4 Qf6+ 33. Kg3 Qg6+ 34. Qg4 Qxg4+ 35. Kxg4 Bc8+ 36. Kg5 Bxh3 0-1


[Site "https://www.chess.com"]

[Event "Titled Tuesday Blitz July 13 2021"]
[White "Shkapenko, Pavel"]
[Black "Shuvalov, Evgenij"]
[WhiteFideId "4151933"]
[BlackFideId "4187237"]
[WhiteElo "2386"]
[BlackElo "2163"]
[Result "1-0"]
[Round "05"]
[TimeControl "180+1"]
[Date "2021.07.13"]
[WhiteClock "0:02:04"]
[BlackClock "0:01:41"]

1. e4 e6 2. d4 d5 3. exd5 exd5 4. Nf3 Nf6 5. c4 Be7 6. Nc3 O-O 7. cxd5 Nxd5 8. Bc4 Nb6 9. Bb3 Bg4 10. h3 Bxf3 11. Qxf3 Qxd4 12. Qxb7 Bd6 13. Be3 Qe5 14. O-O-O N8d7 15. Rhe1 Nc5 16. Bxc5 Qxc5 17. Kb1 a5 18. Ne4 Qf5 19. g4 Qg6 20. Rxd6 cxd6 21. Qxb6 Rab8 22. Qxd6 Rfe8 23. Qxg6 hxg6 24. Bxf7+ Kxf7 25. Nd6+ Kf8 26. Rxe8+ Rxe8 27. Nxe8 Kxe8 28. Kc2 Ke7 29. Kd3 Kd6 30. Ke4 Kc5 31. f4 Kc4 32. h4 a4 33. f5 gxf5+ 34. gxf5 Kc5 35. f6 gxf6 36. h5 f5+ 37. Kxf5 Kd4 38. h6 Kd3 39. h7 Kc2 40. h8=Q Kb1 41. b3 a3 42. Qh2 Ka1 43. b4 Kb1 44. b5 Ka1 45. b6 Kb1 46. b7 Ka1 47. Ke4 Kb1 48. b8=Q+ Ka1 49. Qbe5+ Kb1 50. Qb5+ Ka1 51. Qf1# 1-0


[Site "https://www.chess.com"]

[Event "Titled Tuesday Blitz July 13 2021"]
[White "Shukhman, Anna"]
[Black "Florescu, Codrut-Constantin"]
[WhiteFideId "54180058"]
[BlackFideId "1202200"]
[WhiteElo "1628"]
[BlackElo "2243"]
[Result "1-0"]
[Round "05"]
[TimeControl "180+1"]
[Date "2021.07.13"]
[WhiteClock "0:01:15"]
[BlackClock "0:00:07"]

1. e4 c5 2. Nf3 e6 3. d4 cxd4 4. Nxd4 Nc6 5. c4 Nf6 6. Nc3 Bb4 7. Nxc6 bxc6 8. e5 Ne4 9. Qg4 Nxc3 10. a3 Qa5 11. Qxg7 Rf8 12. Bd3 Nd5+ 13. axb4 Qxb4+ 14. Bd2 Qxb2 15. cxd5 Qxa1+ 16. Ke2 Qd4 17. Bh6 Qb2+ 18. Kf3 Qa3 19. Ke2 Qb2+ 20. Ke3 Qb6+ 21. Kf3 1-0


[Site "https://www.chess.com"]

[Event "Titled Tuesday Blitz July 13 2021"]
[White "Siniauski, Artsiom"]
[Black "Gabrielian, Artur"]
[WhiteFideId "13512269"]
[BlackFideId "4131002"]
[WhiteElo "2210"]
[BlackElo "2523"]
[Result "0-1"]
[Round "05"]
[TimeControl "180+1"]
[Date "2021.07.13"]
[WhiteClock "0:00:06"]
[BlackClock "0:00:05"]

1. e4 c5 2. Nf3 Nc6 3. Bb5 g6 4. Bxc6 dxc6 5. d3 Qc7 6. h3 e5 7. Be3 f6 8. Nbd2 Nh6 9. O-O Nf7 10. Nc4 Be6 11. b3 g5 12. Nh2 h5 13. Bd2 O-O-O 14. Ne3 g4 15. h4 Rg8 16. g3 Nd6 17. Nc4 Nxc4 18. bxc4 f5 19. exf5 Bxf5 20. Qe2 Bg7 21. Rae1 Rde8 22. Kg2 Qd7 23. Bc3 e4 24. Bxg7 exd3 25. Qd2 Rxg7 26. Rxe8+ Qxe8 27. cxd3 Rd7 28. Re1 Qf7 29. Nf1 Bxd3 30. Qg5 Be4+ 31. Kg1 Qf3 32. Rxe4 Qxe4 33. Qxh5 Rd1 34. Qh8+ Kc7 35. Qg7+ Rd7 36. Qg5 Qxc4 37. Ne3 Qe4 38. h5 c4 39. h6 c3 40. Qa5+ Kc8 41. Qxc3 Qb1+ 42. Kg2 Qe4+ 43. Kg1 Rh7 44. Qf6 Qb1+ 45. Kg2 Qe4+ 46. Kg1 Qe7 47. Qf5+ Kc7 48. Nxg4 Rf7 49. Qg6 c5 50. Qh5 c4 51. Qe5+ Qxe5 52. Nxe5 Rh7 53. Nxc4 Rxh6 54. f4 Rc6 55. Ne5 Rc2 56. g4 Kd6 57. g5 Ke6 58. g6 Kf6 59. Kf1 Rxa2 60. Ke1 b5 61. Kd1 b4 62. Kc1 a5 63. Kb1 b3 64. Nd3 a4 65. Nc5 Kxg6 66. Nd3 Kf5 67. Nb4 Rf2 68. Nc6 Kxf4 69. Nd4 Ke4 70. Nb5 Kd3 71. Ka1 Kc4 72. Na3+ Kb4 73. Nb1 Ra2# 0-1


[Site "https://www.chess.com"]

[Event "Titled Tuesday Blitz July 13 2021"]
[White "Solon, Nathan"]
[Black "Nasyrova, Ekaterina"]
[WhiteFideId "2017229"]
[BlackFideId "44157797"]
[WhiteElo "2648"]
[BlackElo "2115"]
[Result "0-1"]
[Round "05"]
[TimeControl "180+1"]
[Date "2021.07.13"]
[WhiteClock "0:00:13"]
[BlackClock "0:00:21"]

1. d4 d5 2. c4 e6 3. Nf3 Nf6 4. g3 Bb4+ 5. Nbd2 dxc4 6. Bg2 b5 7. O-O Bb7 8. a4 a6 9. Qc2 O-O 10. e4 Nbd7 11. e5 Nd5 12. Ne4 Re8 13. Neg5 Nf8 14. h4 c5 15. dxc5 Bxc5 16. Ne4 Be7 17. Rd1 Qb6 18. Qe2 Rad8 19. Bg5 Bxg5 20. Nfxg5 h6 21. Nf3 Nb4 22. Nd6 Re7 23. axb5 axb5 24. Nd4 Bxg2 25. Kxg2 Rxd6 26. exd6 Qxd6 27. Kg1 Qc5 28. Ra8 Nd3 29. Nf3 Rd7 30. Ne1 Qd5 31. Rb8 e5 32. Nxd3 cxd3 33. Qd2 e4 34. Qb4 Qd6 35. Qxb5 e3 36. fxe3 Qxg3+ 37. Kf1 Qf3+ 38. Kg1 Qxd1+ 0-1


[Site "https://www.chess.com"]

[Event "Titled Tuesday Blitz July 13 2021"]
[White "Sonis, Francesco"]
[Black "Markidis, Konstantinos"]
[WhiteFideId "895733"]
[BlackFideId "4203500"]
[WhiteElo "2373"]
[BlackElo "2304"]
[Result "1-0"]
[Round "05"]
[TimeControl "180+1"]
[Date "2021.07.13"]
[WhiteClock "0:00:20"]
[BlackClock "0:00:09"]

1. d4 Nf6 2. c4 e6 3. Nc3 Bb4 4. f3 O-O 5. a3 Bxc3+ 6. bxc3 c5 7. e3 Qa5 8. Bd2 d6 9. Bd3 e5 10. Ne2 Re8 11. Ng3 Qd8 12. O-O exd4 13. exd4 cxd4 14. cxd4 Nc6 15. Bc3 d5 16. c5 b6 17. Rc1 bxc5 18. dxc5 d4 19. Ba1 Rb8 20. Qd2 Be6 21. Ne4 Bd5 22. Nd6 Re5 23. Bb5 Na5 24. Qxd4 Re6 25. Qf4 Rxd6 26. cxd6 Rxb5 27. Bxf6 gxf6 28. Qg4+ Kh8 29. Rc8 Rb8 30. d7 Be6 31. Rxd8+ Rxd8 32. Qf4 Rxd7 33. Qxf6+ Kg8 34. Qg5+ Kf8 35. Qxa5 1-0


[Site "https://www.chess.com"]

[Event "Titled Tuesday Blitz July 13 2021"]
[White "Stribuk, Artiom"]
[Black "Storme, Isak"]
[WhiteFideId "13515659"]
[BlackFideId "1728113"]
[WhiteElo "2224"]
[BlackElo "2037"]
[Result "1-0"]
[Round "05"]
[TimeControl "180+1"]
[Date "2021.07.13"]
[WhiteClock "0:00:27"]
[BlackClock "0:00:58"]

1. d4 Nf6 2. c4 e6 3. Nf3 d5 4. Nc3 Bb4 5. cxd5 exd5 6. Bg5 h6 7. Bh4 O-O 8. e3 Bf5 9. Bd3 Bxd3 10. Qxd3 c6 11. O-O Nbd7 12. a3 Bd6 13. b4 a6 14. Na4 Re8 15. Nc5 Qc7 16. Bg3 Bxg3 17. hxg3 Ne4 18. Nd2 Ndf6 19. Ndxe4 Nxe4 20. Rfc1 h5 21. Nxe4 Rxe4 22. Qe2 g6 23. a4 Qd7 24. b5 axb5 25. axb5 Rxa1 26. Rxa1 cxb5 27. Rb1 h4 28. gxh4 Rxh4 29. Qxb5 Qf5 30. Qe8+ Kh7 31. Rxb7 Kg7 32. Rb8 Qh5 33. Qf8+ Kf6 34. Rb6+ Kf5 35. Qxf7+ Ke4 36. Qxg6+ Qxg6 37. Rxg6 Rh8 38. Rg5 Rb8 39. Re5+ 1-0


[Site "https://www.chess.com"]

[Event "Titled Tuesday Blitz July 13 2021"]
[White "Svane, Frederik"]
[Black "Quparadze, Giga"]
[WhiteFideId "12923044"]
[BlackFideId "13602250"]
[WhiteElo "2459"]
[BlackElo "2658"]
[Result "0-1"]
[Round "05"]
[TimeControl "180+1"]
[Date "2021.07.13"]
[WhiteClock "0:00:36"]
[BlackClock "0:02:31"]

1. e4 c5 2. Nf3 e6 3. d4 cxd4 4. Nxd4 a6 5. c4 Nf6 6. Nc3 Bb4 7. Bd3 Nc6 8. Nxc6 dxc6 9. O-O e5 10. Kh1 Bc5 11. Rb1 Ng4 12. Qe2 Qh4 13. h3 Nxf2+ 14. Rxf2 Qxf2 15. Qxf2 Bxf2 16. Ne2 Be6 17. b3 O-O-O 18. Bc2 h6 19. Kh2 Rd7 20. g3 Rhd8 21. Kg2 Ba7 22. Ng1 Rd2+ 0-1


[Site "https://www.chess.com"]

[Event "Titled Tuesday Blitz July 13 2021"]
[White "Sydoryka, Vladyslav"]
[Black "Gledura, Benjamin"]
[WhiteFideId "14145928"]
[BlackFideId "712779"]
[WhiteElo "2200"]
[BlackElo "2326"]
[Result "1-0"]
[Round "05"]
[TimeControl "180+1"]
[Date "2021.07.13"]
[WhiteClock "0:00:06"]
[BlackClock "0:00:03"]

1. c4 g6 2. g3 Bg7 3. Bg2 d6 4. Nc3 e5 5. Nf3 Nc6 6. O-O Nge7 7. Rb1 a5 8. a3 O-O 9. b4 axb4 10. axb4 f5 11. b5 Na5 12. d3 e4 13. Nxe4 fxe4 14. dxe4 Kh8 15. Nd2 Be6 16. Qc2 c6 17. Bb2 Rf7 18. Bxg7+ Rxg7 19. Rfd1 cxb5 20. Rxb5 Rc8 21. e5 Nec6 22. Ne4 Bxc4 23. Rxd6 Qf8 24. Rc5 Bg8 25. Nf6 Nb3 26. Rc3 Nbd4 27. Rxd4 Nxd4 28. Rxc8 Qb4 29. Qa2 Nb3 30. Bd5 Qe1+ 31. Kg2 Nd2 32. g4 Qf1+ 33. Kg3 Qg1+ 34. Bg2 Nf1+ 35. Kf3 Nxh2+ 36. Ke4 Qxg2+ 37. Kd3 1-0


[Site "https://www.chess.com"]

[Event "Titled Tuesday Blitz July 13 2021"]
[White "Taichman, Ori"]
[Black "Colbow, Collin"]
[WhiteFideId "2804069"]
[BlackFideId "16201132"]
[WhiteElo "2227"]
[BlackElo "2137"]
[Result "1-0"]
[Round "05"]
[TimeControl "180+1"]
[Date "2021.07.13"]
[WhiteClock "0:00:21"]
[BlackClock "0:00:10"]

1. e4 c5 2. b3 Nc6 3. Bb2 e6 4. Nf3 d5 5. exd5 exd5 6. Bb5 Nf6 7. Qe2+ Qe7 8. Ne5 Bd7 9. Bxc6 bxc6 10. Nxd7 Qxe2+ 11. Kxe2 Nxd7 12. Re1 f6 13. Kf1+ Kf7 14. Nc3 Bd6 15. Re2 Rhe8 16. Rae1 Rxe2 17. Rxe2 Re8 18. Rxe8 Kxe8 19. Ba3 Ke7 20. Na4 c4 21. Bxd6+ Kxd6 22. f4 cxb3 23. axb3 Nc5 24. Nxc5 Kxc5 25. c3 Kb5 26. Ke2 c5 27. g4 a5 28. Kd3 c4+ 29. Kc2 cxb3+ 30. Kxb3 a4+ 31. Kc2 Kc4 32. d3+ Kc5 33. Kb2 g6 34. Ka3 Kb5 35. g5 f5 36. h3 Ka5 37. c4 d4 38. h4 1-0


[Site "https://www.chess.com"]

[Event "Titled Tuesday Blitz July 13 2021"]
[White "Tanenbaum, Zachary"]
[Black "Luo, Terry"]
[WhiteFideId "2060850"]
[BlackFideId "30931045"]
[WhiteElo "2165"]
[BlackElo "2024"]
[Result "1-0"]
[Round "05"]
[TimeControl "180+1"]
[Date "2021.07.13"]
[WhiteClock "0:02:40"]
[BlackClock "0:01:36"]

1. e4 c5 2. Nf3 d6 3. d4 cxd4 4. Nxd4 Nf6 5. Nc3 Nc6 6. Bg5 e6 7. Bb5 Bd7 8. Qd3 a6 9. Bxc6 bxc6 10. Nb3 h6 11. Bh4 Be7 12. Bxf6 gxf6 13. O-O-O c5 14. Nd2 O-O 15. Nc4 Bb5 16. Qg3+ Kh8 17. Nxd6 Qc8 18. Nxc8 1-0


[Site "https://www.chess.com"]

[Event "Titled Tuesday Blitz July 13 2021"]
[White "Timofeev, Artyom"]
[Black "Hebden, Mark L"]
[WhiteFideId "4140419"]
[BlackFideId "400084"]
[WhiteElo "2582"]
[BlackElo "2457"]
[Result "1-0"]
[Round "05"]
[TimeControl "180+1"]
[Date "2021.07.13"]
[WhiteClock "0:00:08"]
[BlackClock "0:00:01"]

1. c4 g6 2. g3 Bg7 3. Bg2 Nf6 4. Nc3 O-O 5. d3 d6 6. Nf3 e5 7. O-O Nc6 8. Rb1 a5 9. b3 h6 10. Bb2 Be6 11. h3 Qd7 12. Kh2 Rae8 13. Rc1 Kh8 14. Nd2 Nh7 15. Nd5 f5 16. f4 Nd4 17. e3 Nc6 18. Re1 Nd8 19. Nf3 c6 20. Nc3 g5 21. Ne2 Nf7 22. Qd2 Nf6 23. Rf1 exf4 24. exf4 g4 25. Nh4 Kh7 26. Nd4 h5 27. Rce1 Nh6 28. Kh1 gxh3 29. Bxh3 Nfg4 30. Ndf3 Bxb2 31. Ng5+ Kg8 32. Qxb2 Bf7 33. Qd4 d5 34. c5 Rxe1 35. Rxe1 Re8 36. Nhf3 Rxe1+ 37. Nxe1 Qe7 38. Ngf3 Qe2 39. Bg2 Qxa2 40. Ne5 Qb1 41. Qc3 Qd1 42. Qxa5 Ne3 43. Nf3 Nxg2 44. Kxg2 Qe2+ 45. Kg1 Ng4 46. Qd2 Qxd2 47. Nxd2 d4 48. Nef3 Ne3 49. Nxd4 Nd5 50. Nxf5 Nb4 51. d4 Nc2 52. Kf2 Be6 53. Nd6 Nxd4 54. Nxb7 Bxb3 55. Nxb3 Nxb3 56. Ke3 Kf7 57. Ke4 Ke6 58. f5+ Kf6 59. Kf4 Nd4 60. Nd6 Ne2+ 61. Kf3 Nd4+ 62. Ke4 Ne2 63. Kf3 Nd4+ 64. Kf4 Ne2+ 65. Ke3 Nxg3 66. Kf4 Ne2+ 67. Kf3 Nd4+ 68. Ke4 Nxf5 69. Nxf5 Ke6 70. Ng7+ 1-0


[Site "https://www.chess.com"]

[Event "Titled Tuesday Blitz July 13 2021"]
[White "Tomb, Maroun"]
[Black "Pandey Srishti"]
[WhiteFideId "5300398"]
[BlackFideId "35093290"]
[WhiteElo "2523"]
[BlackElo "1816"]
[Result "1-0"]
[Round "05"]
[TimeControl "180+1"]
[Date "2021.07.13"]
[WhiteClock "0:01:16"]
[BlackClock "0:01:18"]

1. e4 e6 2. d4 d5 3. Nd2 Nf6 4. e5 Nfd7 5. f4 c5 6. c3 b6 7. Ndf3 Ba6 8. Ne2 Be7 9. g3 f5 10. a3 O-O 11. Be3 Nc6 12. h3 Rc8 13. g4 cxd4 14. cxd4 Na5 15. b3 Nb8 16. gxf5 Rxf5 17. Ng3 Rf8 18. Bxa6 Nxa6 19. O-O Bh4 20. Kg2 Qd7 21. Nxh4 Qb5 22. b4 Nc4 23. Bc1 Qd7 24. f5 exf5 25. Nhxf5 Nc7 26. Qg4 Ne6 27. Nh5 Kh8 28. Ra2 g6 29. Nf6 gxf5 30. Nxd7 fxg4 31. Nxf8 gxh3+ 32. Kxh3 Nxf8 33. Bg5 Kg8 34. Rg2 Ng6 35. Bh6 Nxa3 36. e6 Re8 37. Rgf2 Nc4 38. e7 1-0


[Site "https://www.chess.com"]

[Event "Titled Tuesday Blitz July 13 2021"]
[White "Tomiello, Lucas Costamilan"]
[Black "Holt, Conrad"]
[WhiteFideId "22701940"]
[BlackFideId "2034387"]
[WhiteElo "1945"]
[BlackElo "2586"]
[Result "0-1"]
[Round "05"]
[TimeControl "180+1"]
[Date "2021.07.13"]
[WhiteClock "0:00:02"]
[BlackClock "0:00:04"]

1. e4 e6 2. d4 d5 3. Nd2 c5 4. Ngf3 cxd4 5. Nxd4 Nf6 6. exd5 Nxd5 7. N2f3 Bb4+ 8. Bd2 O-O 9. Bxb4 Nxb4 10. c3 N4c6 11. Nxc6 Nxc6 12. Bb5 Qb6 13. Qe2 Rd8 14. O-O Bd7 15. Rfd1 Be8 16. Bd3 g6 17. h4 Qc5 18. Be4 a5 19. g3 a4 20. a3 Na5 21. Kg2 Bb5 22. Qe1 Nc6 23. h5 Qxh5 24. Qe3 f5 25. Rh1 fxe4 26. Rxh5 exf3+ 27. Kxf3 gxh5 28. Qg5+ Kf7 29. Qxb5 Kg6 30. Rh1 Rd5 31. Qxb7 Rf8+ 32. Kg2 Ne5 33. Rxh5 Kxh5 34. Qxh7+ Kg5 35. f4+ Kf6 36. Qh6+ Ng6 37. g4 Rh8 38. g5+ Kf7 39. f5 Rxf5 0-1


[Site "https://www.chess.com"]